AoeStats
← Franz

Coastal Forest

503442207Analyzed
3v3 RM · 1mo ago on Aug 31, 2026· 76m 42s· 6 players
Game mode
Random Map
Map size
Normal (6 player)
Population
200
Speed
Normal
Resources
Standard
Victory
Conquest
Starting age
Dark Age
Ending age
Imperial Age
RankedLock teamsTeams togetherTeam positionsShared explorationLock speedFull tech treeHidden civsTurbo modeCheats
Victory
Defeat
🇪🇪 Berbers · Estonia
902
+16
🇪🇪 Saracens · Estonia
901
+16
🇪🇪 Celts · Estonia
783
+21
🇬🇷 Wu · Greece
937
-19
🇺🇦 Gurjaras · Ukraine
914
-18
🇧🇷 Khitans · Brazil
860
-16
stefan
9:34 Loom
12:16 Feudal Age
13:29 Double-Bit Axe
14:04 Horse Collar
16:39 Gold Mining
23:40 Wheelbarrow
26:07 Castle Age
24:46 Wheelbarrow
24:39 Stone Mining
25:32 Bloodlines
25:32 Scale Barding Armor
25:38 Forging
28:05 Town Watch
28:23 Heavy Plow
28:35 Bow Saw
28:49 Caravan
29:46 Iron Casting
29:14 Fishing Lines
30:38 Husbandry
32:23 Town Patrol
32:55 Fortified Wall
34:30 Chain Barding Armor
36:09 Hand Cart
40:25 Imperial Age
39:00 Fletching
39:10 Padded Archer Armor
39:55 Kshatriyas
41:25 Gold Shaft Mining
41:26 Stone Shaft Mining
43:56 Chemistry
43:16 Ballistics
53:58 Light Cavalry
56:18 Hussar
59:20 Crop Rotation
64:39 Plate Barding Armor
64:01 Bodkin Arrow
64:24 Leather Archer Armor
64:58 Elite Skirmisher
65:47 Thumb Ring
66:22 Elite Elephant Archer
68:36 Bracer
morignor13
12:44 Feudal Age
14:09 Double-Bit Axe
19:05 Castle Age
18:17 Forging
18:21 Bloodlines
19:08 Scale Barding Armor
21:12 Iron Casting
21:37 Husbandry
22:06 Gold Mining
24:37 Light Cavalry
25:56 Wheelbarrow
25:07 Town Watch
25:57 Stone Mining
27:08 Loom
33:43 Imperial Age
33:29 Fletching
33:40 Padded Archer Armor
34:43 Ballistics
34:18 Murder Holes
33:49 Elite Skirmisher
33:50 Crossbowman
34:07 Pikeman
34:47 Squires
35:13 Scale Mail Armor
37:20 Chemistry
36:19 Fishing Lines
39:07 Chain Mail Armor
38:51 Bodkin Arrow
39:57 Conscription
40:03 Leather Archer Armor
41:32 Heavy Hei Guang Cavalry
45:45 Chain Barding Armor
46:26 Blast Furnace
52:52 Plate Mail Armor
52:24 Bracer
59:49 Arbalester
64:15 Caravan
suntzu
0:39 Loom
10:32 Feudal Age
12:07 Wheelbarrow
11:21 Double-Bit Axe
11:22 Domestication
19:00 Gold Mining
22:25 Castle Age
20:42 Stone Mining
22:55 Scale Barding Armor
23:01 Forging
23:24 Hand Cart
22:54 Light Cavalry
24:06 Chain Barding Armor
28:33 Husbandry
29:29 Bow Saw
29:29 Pastoralism
30:22 Stone Shaft Mining
32:10 Iron Casting
34:09 Caravan
34:22 Town Watch
35:06 Padded Archer Armor
34:57 Fletching
38:45 Imperial Age
37:22 Bodkin Arrow
39:15 Capped Ram
39:22 Heavy Camel Rider
41:15 Two-Man Saw
41:04 Transhumance
41:45 Plate Barding Armor
41:57 Bracer
43:05 Hussar
44:48 Ballistics
44:24 Murder Holes
47:25 Chemistry
47:55 Conscription
47:43 Ordo Cavalry
49:57 Guilds
52:52 Elite Steppe Lancer
Franz
4:13 Loom
10:58 Feudal Age
11:26 Town Watch
11:29 Double-Bit Axe
11:26 Horse Collar
13:52 Man-at-Arms
22:01 Castle Age
23:39 Wheelbarrow
24:20 Bow Saw
24:12 Heavy Plow
24:10 Stone Mining
24:26 Gambesons
24:46 Scale Mail Armor
25:39 Long Swordsman
28:40 Ballistics
28:15 Murder Holes
29:44 Fletching
30:39 Town Patrol
36:25 Imperial Age
34:17 Bodkin Arrow
34:11 Treadmill Crane
36:28 Forging
36:34 Chain Mail Armor
36:35 Stronghold
37:50 Conscription
37:42 Two-Handed Swordsman
39:31 Conscription
38:56 Crossbowman
40:23 Capped Ram
40:53 Pikeman
42:29 Champion
45:13 Iron Casting
45:08 Plate Mail Armor
46:45 Chemistry
45:50 Halberdier
52:47 Hand Cart
52:19 Elite Skirmisher
56:22 Elite Woad Raider
62:34 Blast Furnace
64:39 Caravan
68:21 Elite Genitour
Pickle
0:35 Loom
13:09 Feudal Age
13:41 Double-Bit Axe
14:34 Wheelbarrow
13:43 Horse Collar
14:24 Town Watch
20:35 Castle Age
20:28 Bloodlines
20:25 Gold Mining
20:55 Stone Mining
24:07 Hand Cart
24:05 Bow Saw
27:37 Husbandry
27:51 Forging
27:47 Scale Barding Armor
33:47 Fletching
34:35 Iron Casting
34:21 Chain Barding Armor
36:05 Murder Holes
36:37 Ballistics
40:09 Imperial Age
38:18 Gold Shaft Mining
38:30 Stone Shaft Mining
39:06 Masonry
40:22 Heavy Plow
41:14 Maghrebi Camels
42:12 Heavy Camel Rider
44:04 Siege Engineers
46:27 Conscription
46:31 Elite Camel Archer
49:11 Blast Furnace
50:47 Crop Rotation
54:31 Plate Barding Armor
53:52 Bodkin Arrow
55:00 Chemistry
53:41 Treadmill Crane
57:07 Caravan
57:20 Guilds
57:58 Bracer
58:02 Padded Archer Armor
58:30 Kasbah
59:06 Hoardings
72:05 Coinage
72:24 Leather Archer Armor
Lillek3
0:42 Loom
12:42 Feudal Age
13:46 Double-Bit Axe
24:53 Castle Age
22:52 Stone Mining
22:48 Horse Collar
23:16 Gold Mining
23:34 Scale Barding Armor
26:21 Bow Saw
30:08 Imperial Age
29:31 Chain Barding Armor
29:23 Forging
32:05 Wheelbarrow
31:58 Padded Archer Armor
31:51 Fletching
34:20 Leather Archer Armor
34:42 Plate Barding Armor
34:14 Husbandry
34:56 Hand Cart
36:13 Ring Archer Armor
36:46 Elite Mameluke
39:35 Gold Shaft Mining
40:12 Bodkin Arrow
41:31 Bloodlines
42:50 Conscription
42:35 Bracer
46:16 Two-Man Saw
46:34 Masonry
46:20 Murder Holes
46:46 Ballistics
47:27 Chemistry
46:14 Arrowslits
50:30 Iron Casting
50:39 Hoardings
59:50 Caravan
61:45 Thumb Ring
61:13 Elite Skirmisher
64:22 Blast Furnace
63:23 Scale Mail Armor
63:53 Arson
64:08 Squires
63:29 Pikeman
Connection lost

Rejoining the realm…

Still unreachable

The connection could not be restored.

Session expired

The server has moved on; the page needs a fresh start.